 Dungeon Crawl Stone Soup version 0.31-a0-185-g9dded2c639 (webtiles) character file.

Game seed: 9691323718089176421

261 qw the Skirmisher (level 5, -1/30 HPs)
             Began as a Deep Elf Hunter on June 22, 2023.
             Was an Initiate of Okawaru.
             Slain by a wyvern (4 damage)
             ... on level 5 of the Dungeon.
             The game lasted 00:01:22 (3273 turns).

qw the Skirmisher (Deep Elf Hunter)                 Turns: 3273, Time: 00:01:22

Health: -1/30      AC: 10    Str:  8    XL:     5   Next: 96%
Magic:  7/7        EV: 10    Int: 14    God:    Okawaru [......]
Gold:   194        SH:  0    Dex: 20    Spells: 4/4 levels left

rFire   . . .        Y - +1 shortbow
rCold   . . .        (shield currently unavailable)
rNeg    . . .        d - +0 ring mail
rPois   .            (no helmet)
rElec   .            (no cloak)
rCorr   .            j - +0 pair of gloves
SInv    +            (no boots)
Will    .....        m - amulet of faith
Stlth   +            e - ring of see invisible
HPRegen 0.25/turn    l - +4 ring of protection
MPRegen 0.10/turn

%: faith
@: no status effects
A: no striking features
a: Renounce Religion


You were on level 5 of the Dungeon.
You worshipped Okawaru.
Okawaru was noncommittal.
You visited 2 branches of the dungeon, and saw 6 of its levels.

You collected 194 gold pieces.


   Skills:
 + Level 1.7 Fighting
 - Level 9.4 Ranged Weapons
 - Level 2.4 Dodging
 - Level 1.2 Stealth


You had 4 spell levels left.
You didn't know any spells.
Your spell library was empty.

Inventory:

Hand Weapons
 Y - a +1 shortbow (weapon)
Armour
 c - the scarf of Pantheism {rC+ rF+, Harm Rampage}
   (You acquired it on level 3 of the Dungeon)

   Harm:      It increases damage dealt and taken.
   Rampage:   It bestows one free step when moving towards enemies.
 d - a +0 ring mail (worn)
 j - a +0 pair of gloves (worn)
Jewellery
 e - a ring of see invisible (left hand)
 l - a +4 ring of protection (right hand)
 m - an amulet of faith (around neck)
 n - a +6 ring of strength
Wands
 i - a wand of digging (2)
Scrolls
 a - 2 scrolls of teleportation
 f - a scroll of identify
Potions
 b - a potion of heal wounds
 h - a potion of curing
 k - 2 potions of enlightenment

Dungeon Overview and Level Annotations

Branches:
Dungeon (5/15)             Temple (1/1) D:4

Altars:
Ashenzari
Cheibriados
Dithmenos
Fedhas
Gozag
Hepliaklqana
Okawaru
Qazlal
Ru
Trog
Vehumet
Yredelemnul
Zin
The Shining One

Shops:
D:4 (


Message History

Okawaru accepts your kill.
You shoot an arrow. The arrow hits the orc.
The orc is severely wounded.
You shoot an arrow. The arrow hits the orc!
You kill the orc!
Okawaru accepts your kill.
You shoot an arrow.
The arrow hits the orc but does no damage.
You shoot an arrow. The arrow hits the orc.
The orc is severely wounded.
The orc completely misses you.
You shoot an arrow. The arrow hits the orc!
You kill the orc!
Okawaru accepts your kill.
Things that are here:
a +0 mace; a +0 leather armour; an orc corpse A wyvern comes into view.
Enter note:
Enter note: You shoot an arrow.
The arrow closely misses the wyvern.
The wyvern hisses angrily.
You shoot an arrow. The arrow hits the wyvern.
The wyvern is moderately wounded.
You shoot an arrow.
The arrow hits the wyvern but does no damage.
The wyvern is moderately wounded.
You shoot an arrow. The arrow hits the wyvern.
The wyvern is moderately wounded.
The wyvern bites you but does no damage.
You shoot an arrow. The arrow hits the wyvern.
The wyvern is moderately wounded.
The wyvern bites you but does no damage.
The wyvern closely misses you.
You shoot an arrow. The arrow hits the wyvern.
The wyvern is heavily wounded.
The wyvern bites you!
Ouch! That really hurt!
You shoot an arrow. The arrow closely misses the wyvern.
The wyvern bites you! The wyvern bites you.
You die...

. ....# . ....## #....#
#....# #....# #....#
#l...# #@...#####.#
#..........#
########....#############
#........................
#.........).).....##.....
#........)...###########.
#.........#### #.
#......[.^# #.
#.........# #.


You could see a wyvern.

Vanquished Creatures
  A scorpion (D:4)
  Ijyb (D:3)
  2 orc wizards (D:4)
  3 gnolls (D:3)
  An adder (D:3)
  A worm (D:3)
  2 dart slugs
  12 orcs
  7 ball pythons
  7 endoplasms
  4 giant cockroaches
  3 hobgoblins
  5 quokkas
  3 bats (D:2)
  6 frilled lizards
  9 goblins
  4 kobolds
  2 rats
73 creatures vanquished.

Notes
Turn   | Place    | Note
-------+----------+-------------------------------------------
     0 | D:1      | qw the Deep Elf Hunter began the quest for the Orb.
     0 | D:1      | Reached XP level 1. HP: 12/12 MP: 3/3
     0 | D:1      | 0 ||| qw: Version: 0.3-a-9-g12657ce
     0 | D:1      | 0 ||| qw: Game counter: 1722
     0 | D:1      | 0 ||| qw: Always use a shield: true
     0 | D:1      | 0 ||| qw: God list: Okawaru
     0 | D:1      | 0 ||| qw: Allow faded altars: false
     0 | D:1      | 0 ||| qw: Do Orc after D:15 true
     0 | D:1      | 0 ||| qw: Do second Lair branch before Depths: true
     0 | D:1      | 0 ||| qw: Lair rune preference: random
     0 | D:1      | 0 ||| qw: Plans: Normal
     0 | D:1      | 0 ||| PLANNING D:1-11
    97 | D:1      | Reached skill level 6 in Ranged Weapons
    97 | D:1      | Reached XP level 2. HP: 16/16 MP: 4/4
   369 | D:1      | 369 ||| UPGRADING to +0 ring mail.
   379 | D:1      | 379 ||| DROPPING +0 leather armour.
   380 | D:1      | 380 ||| UPGRADING to +0 pair of gloves.
   385 | D:1      | 385 ||| UPGRADING to +6 ring of strength.
   386 | D:1      | 386 ||| READING scroll labelled VIUNKUK NYPSA.
   387 | D:1      | 387 ||| READING scroll labelled TOYQUOZIAR.
   388 | D:1      | 388 ||| READING scroll labelled NENYNU PAFFEJU.
   389 | D:1      | 389 ||| DRINKING 2 yellow potions.
   390 | D:1      | 390 ||| DROPPING scroll of butterflies.
   426 | D:2      | Found a faded altar of an unknown god.
   580 | D:2      | Reached XP level 3. HP: 20/20 MP: 5/5
  1157 | D:2      | 1157 ||| READING 2 scrolls labelled IMNEFI QYWKARCH.
  1162 | D:2      | 1162 ||| READING scroll labelled IPTUSA SUALAI.
  1247 | D:3      | Reached skill level 7 in Ranged Weapons
  1295 | D:3      | Reached XP level 4. HP: 25/25 MP: 6/6
  1408 | D:3      | Noticed Ijyb
  1426 | D:3      | Killed Ijyb
  1427 | D:3      | Reached skill level 8 in Ranged Weapons
  1762 | D:3      | Noticed an earth elemental
  1764 | D:3      | Found a stormy altar of Qazlal.
  1765 | D:3      | Noticed a fire elemental
  1765 | D:3      | Noticed an air elemental
  1765 | D:3      | Noticed a water elemental
  1804 | D:3      | 1804 ||| UPGRADING to amulet of faith.
  1809 | D:3      | 1809 ||| UPGRADING to +4 ring of protection.
  1810 | D:3      | 1810 ||| READING scroll labelled FEROUTRUFIO.
  1810 | D:3      | Identified a scroll of acquirement
  1810 | D:3      | 1810 ||| ACQUIRING scarf of Pantheism {rC+ rF+, Harm
                  | Rampage}
  1810 | D:3      | Acquired the scarf of Pantheism {rC+ rF+, Harm Rampage}
  1812 | D:3      | 1812 ||| READING scroll labelled BIDGHE LIBI.
  1915 | D:4      | Found Poddiejap's Weapon Emporium.
  1999 | D:4      | Reached XP level 5. HP: 26/29 MP: 7/7
  2062 | D:4      | Reached skill level 9 in Ranged Weapons
  2294 | D:4      | Found a staircase to the Ecumenical Temple.
  2295 | D:4      | 2295 ||| PLANNING TEMPLE
  2295 | D:4      | 2295 ||| UPGRADING to ring of see invisible.
  2297 | D:4      | 2297 ||| READING scroll labelled HIEPAKLOFF.
  2298 | D:4      | 2298 ||| DRINKING 2 sedimented yellow potions.
  2299 | D:4      | 2299 ||| READING 3 scrolls of identify.
  2299 | D:4      | 2299 ||| IDENTIFYING amethyst potion
  2300 | D:4      | 2300 ||| DROPPING potion of invisibility.
  2308 | Temple   | Entered the Ecumenical Temple
  2373 | Temple   | 2373 ||| PLANNING OKAWARU WORSHIP
  2764 | Temple   | Became a worshipper of Warmaster Okawaru
  2765 | Temple   | 2765 ||| PLANNING D:1-11
  2992 | D:4      | 2992 ||| READING scroll labelled JUEDOA MIVERE.
  2993 | D:4      | 2993 ||| READING 2 scrolls of identify.
  2993 | D:4      | 2993 ||| IDENTIFYING sedimented brown potion
  2995 | D:4      | 2995 ||| Stepping ~*~*~tactically~*~*~ (cloud).
  3000 | D:4      | HP: 7/29 [poisoned by you (poison gas)]
  3131 | D:5      | Entered Level 5 of the Dungeon
  3266 | D:5      | Noticed a wyvern
  3273 | D:5      | HP: 3/30 [wyvern (13)]
  3273 | D:5      | Slain by a wyvern

Levels and vault maps discovered:
D:1:      wander_arrival_desolate, layout_rooms, hex_large
D:2:      layout_basic, ebering_ecumenical_altar_ruins
D:3:      layout_loops_ring, nicolae_qazlal_style_of_elements, uniq_ijyb
D:4:      layout_loops_ring, temple_fountains, serial_shops, shop
D:5:      cheibrodos_fertilizer, layout_basic, serial_curves, eino_curves_01,
          eino_curves_03, patterned_corridor
Temple:   compressed_dpeg_triangle_lava_temple

Skill      XL: |  1  2  3  4  5 |
---------------+----------------+-----
Ranged Weapons | 6 7 8 9 |  9.4
Fighting       | |  1.7
Dodging        | |  2.4
Stealth        | |  1.2

Action                     |  1- 3 |  4- 6 || total
---------------------------+-------+-------++-------
   Fire: Shortbow          |   102 |   119 ||   221
    Use: Scroll            |     5 |     6 ||    11
         Potion            |     1 |     1 ||     2
 Armour: Ring mail         |     5 |    32 ||    37
  Dodge: Dodged            |    18 |    27 ||    45

Table legend:
 A = Non-vault XP
 B = Vault XP
 C = Vault XP percentage of total XP
 D = Non-vault monster count
 E = Vault monster count
 F = Vault count percentage of total count
                 A         B        C        D         E       F
            +---------+---------+-------+---------+---------+-------
      Total |     335 |      38 |  10.2 |      72 |       1 |   1.4
            +---------+---------+-------+---------+---------+-------
        D:1 |      24 |       0 |   0.0 |      15 |       0 |   0.0
        D:2 |      36 |       0 |   0.0 |      21 |       0 |   0.0
        D:3 |      73 |      38 |  34.2 |      13 |       1 |   7.1
        D:4 |     190 |       0 |   0.0 |      19 |       0 |   0.0
        D:5 |      12 |       0 |   0.0 |       4 |       0 |   0.0
            +---------+---------+-------+---------+---------+-------
